 Dungeon Crawl Stone Soup version 0.31.0-12-g77e489cdc1 (webtiles) character file.

Game seed: 6581140284594652080

3 Gadfly the Magician (level 1, 0/15 HPs)
             Began as a Djinni Summoner on Feb 23, 2024.
             Slain by a gnoll
             ... wielding a +0 spear
              (4 damage)
             ... on level 1 of the Dungeon.
             The game lasted 00:00:26 (261 turns).

Gadfly the Magician (Djinni Summoner)                Turns: 261, Time: 00:00:26

Health: 0/15       AC:  2    Str:  7    XL:     1   Next: 55%
Gold:   11         EV: 12    Int: 16    God:
                   SH:  0    Dex: 13

rFire   + + .        (no weapon)
rCold   x . .        (no shield)
rNeg    . . .        a - +0 robe
rPois   ∞            (no helmet)
rElec   .            (no cloak)
rCorr   .            (no gloves)
SInv    .            (boots unavailable)
Will    .....        (no amulet)
Stlth   ++           (no ring)
HPRegen 0.22/turn    (no ring)
MPRegen 0.00/turn

%: infuse magic (-1 HP)
@: flying
A: sickness immunity, fire resistance 2, cold vulnerability 1, float, innate
caster, HP casting, extra vitality 1
a: no special abilities


You were on level 1 of the Dungeon.
You visited 1 branch of the dungeon, and saw 1 of its levels.

You collected 11 gold pieces.

Inventory:

Armour
 a - a +0 robe (worn)


   Skills:
 + Level 0.2 Fighting
 + Level 2.2 Dodging
 - Level 1.5 Stealth
 + Level 3.6 Spellcasting
 + Level 3.6 Conjurations
 + Level 3.6 Hexes
   Level 0.0 Charms
 + Level 3.6 Summonings
 + Level 3.6 Necromancy
 + Level 3.6 Translocations
   Level 0.0 Transmutations
 + Level 3.6 Fire Magic
 + Level 3.6 Ice Magic
 + Level 3.6 Air Magic
 + Level 3.6 Earth Magic
 + Level 3.6 Alchemy
 + Level 0.2 Evocations


You knew the following spells:

 Your Spells              Type           Power      Damage    Failure   Level
a - Summon Small Mammal   Summ           56%        N/A       4%          1
b - Call Imp              Summ           28%        N/A       6%          2
c - Call Canine Familiar  Summ           14%        N/A       12%         3
d - Summon Blazeheart Go  Fire/Summ      14%        N/A       36%         4
e - Summon Lightning Spi  Summ/Air       14%        N/A       36%         4
Your spell library was empty.

Dungeon Overview and Level Annotations

Branches:
Dungeon (1/15)

Altars:


Innate Abilities, Weirdness & Mutations

You are immune to sickness and miasma.
You are immune to poison.
Your flesh is very heat resistant. (rF++)
You are vulnerable to cold. (rC-)
You float through the air rather than walking.
You learn spells naturally, not from books.
Your magical power is your life essence.
You have superior vitality. (+4 MHP)


Message History

No target in view!
No target in view!
No target in view!
No target in view!
No target in view!
No target in view!
No target in view!
No target in view!
No target in view!
No target in view!
You see here a ball python corpse.
Found a stone staircase leading down.
Your bat disappears in a puff of smoke!
You see here a ring of magical power.
There is a stone staircase leading down here.
Found 6 stones.
A dart slug, a giant cockroach and a gnoll come into view.
Found 9 gold pieces.
Found a whip.
The dart slug bites you but does no damage.
The gnoll shouts!
The dart slug launches a dart at you. The slug dart hits you.
Your quokka bites the dart slug.
The gnoll hits you from afar with a +0 spear!
Ouch! That really hurt!
* * * LOW HITPOINT WARNING * * *
You are too injured to fight recklessly!
You are too injured to fight recklessly!
Unknown command.
Your quokka bites the dart slug.
The dart slug briefly extends its eye-stalks.
Your quokka bites the dart slug but does no damage.
The dart slug attacks as it pursues you!
The dart slug closely misses you. The gnoll barely misses you.
You hit the giant cockroach but do no damage.
The giant cockroach closely misses you.
Your quokka bites the giant cockroach but does no damage.
The giant cockroach bites you but does no damage.
The gnoll hits you from afar with a +0 spear.
You die...

# ... .# #..# #. .
#. ... ..# #..# #.
..###.######..#
#..# #.
...#.....$..#
#..## #.
##..(#......#
##... #.
#...........#
#..#####.
#.....rrg...#
#†.....#.
#..).#Bw....#
#.####.#. #..
#@###### #.####.#.
# #..## ##...##.#.
##..#####....#..#.
##...#.....=#.##.
###.#.##...#.##.
#..>##...#.##.
###.##...#.##.
#.##...#.##.
#.######.##.


You could see a gnoll, a dart slug (ally target), a giant cockroach (ally
target) and 2 friendly quokkas.

Vanquished Creatures
  A ball python (D:1)
1 creature vanquished.

Vanquished Creatures (collateral kills)
  A ball python (D:1)
  A giant cockroach (D:1)
2 creatures vanquished.

Grand Total: 3 creatures vanquished

Notes
Turn   | Place    | Note
-------+----------+-------------------------------------------
     0 | D:1      | Gadfly the Djinni Summoner began the quest for the Orb.
     0 | D:1      | Gadfly set off with the following spells memorised: Summon
                  | Small Mammal, Call Imp, Call Canine Familiar, Summon
                  | Blazeheart Golem, Summon Lightning Spire.
     0 | D:1      | Reached XP level 1. HP: 15/15 MP: 0/0
   261 | D:1      | Slain by a gnoll

Illustrated notes

Levels and vault maps discovered:
D:1:      roderic_crossed_star, layout_basic

Action                     || total
---------------------------++-------
  Melee: Unarmed           ||    14
   Cast: Summon Small Mamm ||     5
   Stab: Sleeping          ||     1
 Armour: Robe              ||    13
  Dodge: Dodged            ||    12
